 Dungeon Crawl Stone Soup version 0.30-a0-1016-gfb0d676c02 (webtiles) character file.

Game seed: 11894685695304427139

62 Newt the Shooter (level 4, -1/30 HPs)
             Began as a Kobold Hunter on Apr 6, 2023.
             Slain by a gnoll
             ... wielding a +0 halberd
              (4 damage)
             ... on level 3 of the Dungeon.
             The game lasted 00:01:45 (2375 turns).

Newt the Shooter (Kobold Hunter)                    Turns: 2375, Time: 00:01:46

Health: -1/30      AC:  4    Str: 11    XL:     4   Next: 28%
Magic:  4/4        EV: 15    Int: 10    God:
Gold:   125        SH:  0    Dex: 23    Spells: 3/3 levels left

rFire   + . .      SeeInvis .    j - +6 mace "Omarreagy" {freeze, rF+ rN+ Str+3 Dex+3}
rCold   . . .      Faith    .    (no shield)
rNeg    + . .      Spirit   .    c - +1 leather armour
rPois   .          Reflect  .    (no helmet)
rElec   .          Rampage  .    (no cloak)
rCorr   .                        (no gloves)
Will    .....                    (no boots)
Stlth   +++                      (no amulet)
HPRegen 0.25/turn                (no ring)
MPRegen 0.09/turn                (no ring)

@: hasted, very quick
A: small, no large weapons, nightstalker 3
a: no special abilities


You were on level 3 of the Dungeon.
You visited 1 branch of the dungeon, and saw 3 of its levels.

You collected 125 gold pieces.

Inventory:

Hand Weapons
 a - a +1 shortbow
 j - the +6 mace "Omarreagy" (weapon) {freeze, rF+ rN+ Str+3 Dex+3}
   (You found it on level 2 of the Dungeon)

   Str:       It affects your strength (+3).
   Dex:       It affects your dexterity (+3).
   rF:        It protects you from fire.
   rN:        It protects you from negative energy.
Missiles
 n - a throwing net
Armour
 c - a +1 leather armour (worn)
Jewellery
 k - an amulet of faith
Wands
 g - a wand of paralysis (7)
Scrolls
 b - 3 scrolls of immolation
 i - a scroll of poison
 m - a scroll of teleportation
 o - 2 scrolls of vulnerability
Potions
 e - a potion of curing {unknown}
 f - a potion of haste
 h - a potion of cancellation {unknown}
 l - a potion of degeneration {unknown}


   Skills:
 + Level 4.7 Fighting
 - Level 5.3 Ranged Weapons
 - Level 2.4 Dodging
 - Level 1.3 Stealth


You had 3 spell levels left.
You didn't know any spells.
Your spell library contained the following spells:

 Spells                   Type           Power      Damage    Failure   Level
 Call Canine Familiar     Summ           0%         N/A       83%         3
 Portal Projectile        Hex/Tloc       0%         N/A       83%         3
 Leda's Liquefaction      Hex/Erth       0%         N/A       99%         4


Dungeon Overview and Level Annotations

Branches:
Dungeon (3/15)

Altars:


Innate Abilities, Weirdness & Mutations

You are small and have problems with some larger weapons.
You are completely attuned to the shadows.


Message History

The goblin barely misses you.
You hit the goblin. You freeze the goblin.
You kill the goblin!
No target in view!
HP restored.
Things that are here:
a +2 dagger of speed; a +0 sling; a goblin corpse
Found 5 poisoned darts.
A gnoll comes into view. It is wielding a +0 halberd.
You strike the helpless gnoll from behind!
You hit the gnoll but do no damage. The gnoll misses you.
The gnoll hits you with a +0 halberd!
You hit the gnoll. You freeze the gnoll.
The gnoll is moderately wounded.
The gnoll hits you but does no damage.
You closely miss the gnoll.
The gnoll is moderately wounded.
The gnoll misses you. The gnoll hits you with a +0 halberd!
You are too injured to fight recklessly!
You are too injured to fight recklessly!
Unknown command.
You hit the gnoll. You freeze the gnoll.
The gnoll is heavily wounded.
The gnoll hits you with a +0 halberd!
* * * LOW HITPOINT WARNING * * *
Unknown command.
Okay, then.
Aiming: Paralyse
Press: ? - help, Shift-Dir - straight line, f - gnoll
Aim: a gnoll, wielding a +0 halberd and wearing a +0 chain mail (heavily wounded, chance to affect: 57%)
The gnoll resists with significant effort.
You hear a shout!
A gnoll comes into view. It is wielding a +0 flail.
A gnoll comes into view. It is wielding a +0 halberd.
The gnoll closely misses you.
The gnoll shouts!
You feel yourself speed up. The gnoll barely misses you.
Unknown command.
The gnoll hits you from afar with a +0 halberd.
You die...

#.... ..g. #.g#
#.g# ###..# ####
....@# .....
...#.### #....
.......## #.##
.##.....# ##...
##(...#####
###....
##.......##......#
###...#....###..#
#.#.##....###.#
............ ..#


You could see 3 gnolls.

Vanquished Creatures
  2 worms (D:1)
  2 dart slugs
  7 ball pythons
  4 bats
  An endoplasm (D:2)
  6 giant cockroaches
  3 goblins
  8 hobgoblins
  5 kobolds
  4 quokkas
  3 rats
45 creatures vanquished.

Notes
Turn   | Place    | Note
-------+----------+-------------------------------------------
     0 | D:1      | Newt the Kobold Hunter began the quest for the Orb.
     0 | D:1      | Reached XP level 1. HP: 12/12 MP: 1/1
   123 | D:1      | Reached XP level 2. HP: 18/18 MP: 2/2
   477 | D:1      | Reached XP level 3. HP: 23/23 MP: 3/3
  1288 | D:2      | Identified the +6 mace "Omarreagy" {freeze, rF+ rN+ Str+3
                  | Dex+3}
  1844 | D:2      | Reached XP level 4. HP: 30/30 MP: 4/4
  2308 | D:3      | Found a faded altar of an unknown god.
  2375 | D:3      | Slain by a gnoll

Illustrated notes

Levels and vault maps discovered:
D:1:      dpeg_arrival_water_altar, layout_basic, nicolae_wormholes
D:2:      layout_basic, kennysheep_decorative_pillar, chequers_arboretum,
          st_stairs_8
D:3:      layout_rooms, hellmonk_ecumenical_altar_pennies_from_heaven,
          minivault_25, minmay_curled_crystal, minivault_5, hex_tiny,
          minivault_19

Skill      XL: |  1  2  3 |
---------------+----------+-----
Fighting       | 3 4 |  4.7
Ranged Weapons | |  5.3
Dodging        | |  2.4
Stealth        | |  1.3

Action                     |  1- 3 |  4- 6 || total
---------------------------+-------+-------++-------
  Melee: Mace              |    13 |    17 ||    30
         Punch             |     1 |       ||     1
   Fire: Shortbow          |    67 |       ||    67
  Evoke: Wand              |       |     1 ||     1
    Use: Scroll            |     7 |     4 ||    11
         Potion            |       |     1 ||     1
   Stab: Sleeping          |     9 |     2 ||    11
         Distracted        |       |     1 ||     1
 Armour: Leather armour    |     5 |     4 ||     9
  Dodge: Dodged            |    26 |    14 ||    40

Table legend: (Time is in decaauts)
 A = Elapsed time spent in this place.
 B = Non-inter-level travel time spent in this place.
 C = Inter-level travel time spent in this place.
 D = Time resting spent in this place.
 E = Time spent auto-exploring this place.
 F = Levels seen in this place.
 G = Mean time per level.
                   A        B        C        D        E       F      G
               +--------+--------+--------+--------+--------+-----+--------+
         Total |   2415 |   2359 |     56 |    200 |   1875 |   3 |  805.0 |
       Dungeon |   2415 |   2359 |     56 |    200 |   1875 |   3 |  805.0 |
               +--------+--------+--------+--------+--------+-----+--------+

Top non-repeatable levels by time:
     D:2: 1015 daAuts
     D:1: 994 daAuts
     D:3: 405 daAuts
